MLB
LOS ANGELES DODGERS @ BALTIMORE ORIOLES
08/01/2098
 
TOP OF THE 1ST
Los Angeles Dodgers batting - Pitching for Baltimore Orioles : RHP Alvaro Vasquez
Pitching: RHP Alvaro Vasquez
Batting: LHB Joel Holden 0-0: Foul Ball, location: 25F
0-1: Ground out 6-3 (Groundball, 56, EV 85.0 MPH)
Batting: RHB Dan Boyd 0-0: Called Strike
0-1: Ball
1-1: Called Strike
1-2: Ball
2-2: Ground out 6-3 (Groundball, 6, EV 110.0 MPH)
Batting: LHB Eddy Miramontes 0-0: Ball
1-0: Foul Ball, location: 3FF
1-1: Foul Ball, location: 9LMF
1-2: Ball
2-2: Ball
3-2: SINGLE (Groundball, 34D, EV 95.6 MPH)
Batting: LHB Jose Camacho 0-0: Foul Ball, location: 2F
0-1: Foul Ball, location: 23FF
0-2: Ball
1-2: Ball
2-2: Fly out, F7 (Flyball, 7LD, EV 99.4 MPH)
Top of the 1st over - 0 runs, 1 hit, 0 errors, 1 left on base; Los Angeles 0 - Baltimore 0
BOTTOM OF THE 1ST
Baltimore Orioles batting - Pitching for Los Angeles Dodgers : LHP Gil Bravo
Pitching: LHP Gil Bravo
Batting: LHB Jeremy Marshall 0-0: Foul Ball, location: 7LMF
0-1: Ground out 1-3 (Groundball, 13S, EV 63.8 MPH)
Batting: LHB Jerry Peterson 0-0: Ball
1-0: Called Strike
1-1: Ground out 4-3 (Groundball, 4, EV 87.5 MPH)
Batting: RHB Eduardo Lopez 0-0: Called Strike
0-1: Ball
1-1: Fly out, F8 (Flyball, 8RD, EV 111.3 MPH)
Bottom of the 1st over - 0 runs, 0 hits, 0 errors, 0 left on base; Los Angeles 0 - Baltimore 0
TOP OF THE 2ND
Los Angeles Dodgers batting - Pitching for Baltimore Orioles : RHP Alvaro Vasquez
Batting: LHB Greg Thompson 0-0: Called Strike
0-1: SINGLE (Line Drive, 56D, EV 94.4 MPH)
Batting: LHB Raul Gallegos 0-0: Fly out, F8 (Flyball, 89D, EV 89.4 MPH)
Batting: RHB Luis Lozada 0-0: Ball
1-0: Ball
2-0: Swinging Strike
2-1: SINGLE (Groundball, 4MD, EV 95.6 MPH)
Greg Thompson to second
Batting: RHB Bryan Uplinger 0-0: Ball
1-0: Foul Ball, location: 25F
1-1: Ball
2-1: Foul Ball, location: 9LMF
2-2: Strikes out looking
Batting: RHB Ron Ascencio 0-0: Ball
1-0: Fielders Choice at 2nd, 6-4 (Groundball, 6, EV 103.8 MPH)
Top of the 2nd over - 0 runs, 2 hits, 0 errors, 2 left on base; Los Angeles 0 - Baltimore 0
BOTTOM OF THE 2ND
Baltimore Orioles batting - Pitching for Los Angeles Dodgers : LHP Gil Bravo
Batting: RHB Jonathan Skye 0-0: Ball
1-0: Ball
2-0: Ball
3-0: Ground out U3 (Groundball, 34S, EV 90.6 MPH)
Batting: RHB Travis Darling 0-0: Foul Ball, location: 9LDF
0-1: Ball
1-1: Foul Ball, location: 2F
1-2: Ball
2-2: Ball
3-2: Strikes out swinging
Batting: LHB Nate Wagner 0-0: Ball
1-0: Ball
2-0: Called Strike
2-1: Ball
3-1: Swinging Strike
3-2: Foul Ball, location: 5F
3-2: Fly out, F5 (Popup, 5F, EV 68.1 MPH)
Bottom of the 2nd over - 0 runs, 0 hits, 0 errors, 0 left on base; Los Angeles 0 - Baltimore 0
TOP OF THE 3RD
Los Angeles Dodgers batting - Pitching for Baltimore Orioles : RHP Alvaro Vasquez
Batting: LHB Joel Holden 0-0: Ball
1-0: Ball
2-0: Ball
3-0: Called Strike
3-1: Called Strike
3-2: Strikes out swinging
Batting: RHB Dan Boyd 0-0: Ball
1-0: Called Strike
1-1: Ground out 5-3 (Groundball, 5, EV 100.0 MPH)
Batting: LHB Eddy Miramontes 0-0: Fly out, F9 (Flyball, 9S, EV 90.6 MPH)
Top of the 3rd over - 0 runs, 0 hits, 0 errors, 0 left on base; Los Angeles 0 - Baltimore 0
BOTTOM OF THE 3RD
Baltimore Orioles batting - Pitching for Los Angeles Dodgers : LHP Gil Bravo
Batting: RHB Victor Rojas 0-0: Ball
1-0: Called Strike
1-1: Swinging Strike
1-2: Strikes out swinging
Batting: RHB Ed Pollock 0-0: Foul Ball, location: 2F
0-1: Foul Ball, location: 25F
0-2: Ball
1-2: Ball
2-2: Ball
3-2: Ground out 2-3 (Groundball, 13S, EV 61.3 MPH)
Batting: LHB Dave Schwabe 0-0: Called Strike
0-1: Ball
1-1: Ball
2-1: Called Strike
2-2: Strikes out swinging
Bottom of the 3rd over - 0 runs, 0 hits, 0 errors, 0 left on base; Los Angeles 0 - Baltimore 0
TOP OF THE 4TH
Los Angeles Dodgers batting - Pitching for Baltimore Orioles : RHP Alvaro Vasquez
Batting: LHB Jose Camacho 0-0: Ball
1-0: Ball
2-0: Called Strike
2-1: Foul Ball, location: 7LMF
2-2: Ball
3-2: Strikes out swinging
Batting: LHB Greg Thompson 0-0: Ball
1-0: Ground out 4-3 (Groundball, 34D, EV 104.4 MPH)
Batting: LHB Raul Gallegos 0-0: Ball
1-0: Called Strike
1-1: Foul Ball, location: 2F
1-2: Foul Ball, location: 7LDF
1-2: Ball
2-2: Strikes out swinging
Top of the 4th over - 0 runs, 0 hits, 0 errors, 0 left on base; Los Angeles 0 - Baltimore 0
BOTTOM OF THE 4TH
Baltimore Orioles batting - Pitching for Los Angeles Dodgers : LHP Gil Bravo
Pitching: RHP Eric Beattie
Batting: LHB Jeremy Marshall 0-0: Foul Ball, location: 5DF
0-1: Ball
1-1: Fly out, F9 (Line Drive, 89M, EV 90.6 MPH)
Batting: LHB Jerry Peterson 0-0: Foul Ball, location: 5F
0-1: Foul Ball, location: 7LMF
0-2: Strikes out swinging
Batting: RHB Eduardo Lopez 0-0: Ball
1-0: SOLO HOME RUN (Flyball, 89XD, EV 98.1 MPH), Distance : 391 ft
Batting: RHB Jonathan Skye 0-0: Ball
1-0: Foul Ball, location: 2F
1-1: Foul Ball, location: 2F
1-2: Ball
2-2: Strikes out swinging
Bottom of the 4th over - 1 run, 1 hit, 0 errors, 0 left on base; Los Angeles 0 - Baltimore 1
TOP OF THE 5TH
Los Angeles Dodgers batting - Pitching for Baltimore Orioles : RHP Alvaro Vasquez
Batting: RHB Luis Lozada 0-0: Called Strike
0-1: Ball
1-1: Ball
2-1: Foul Ball, location: 3SF
2-2: Ball
3-2: Base on Balls
Batting: RHB Bryan Uplinger 0-0: Ball
1-0: Foul Ball, location: 23FF
1-1: Swinging Strike
Passed Ball!
Luis Lozada to second
1-2: Strikes out swinging
Batting: RHB Ron Ascencio 0-0: Ball
1-0: Ball
2-0: Ball
3-0: Base on Balls
Batting: LHB Joel Holden 0-0: Ball
1-0: Ball
2-0: Foul Ball, location: 7LMF
2-1: Ball
3-1: Foul Ball, location: 2F
3-2: Base on Balls
Luis Lozada to third
Ron Ascencio to second
Batting: RHB Dan Boyd 0-0: SINGLE (Line Drive, 34, EV 108.1 MPH)
Luis Lozada scores
Ron Ascencio to third
Joel Holden to second
Batting: LHB Eddy Miramontes 0-0: Ball
1-0: Ball
2-0: Foul Ball, location: 7LMF
2-1: Foul Ball, location: 2F
2-2: Ball
3-2: Base on Balls
Ron Ascencio scores
Joel Holden to third
Dan Boyd to second
Batting: LHB Jose Camacho 0-0: DOUBLE (Groundball, 5L, EV 107.5 MPH)
Joel Holden scores
Dan Boyd scores
Eddy Miramontes to third
Runner from 3rd tries for Home, SAFE, no throw by LF
Pitching: LHP Jonathan Wells
Batting: LHB Greg Thompson 0-0: Called Strike
0-1: Swinging Strike
0-2: Ball
1-2: Ball
2-2: Ball
3-2: Ground out 4-3 (Groundball, 34, EV 105.6 MPH)
Jose Camacho to third
Pinch Hitting: RHB Victor Salinas 0-0: Swinging Strike
0-1: Ball
1-1: Ball
2-1: Called Strike
2-2: Strikes out looking
Top of the 5th over - 5 runs, 2 hits, 0 errors, 1 left on base; Los Angeles 5 - Baltimore 1
BOTTOM OF THE 5TH
Baltimore Orioles batting - Pitching for Los Angeles Dodgers : RHP Eric Beattie
Now at SS: Jason Avsar
Batting: RHB Travis Darling 0-0: Foul Ball, location: 5SF
0-1: Swinging Strike
0-2: Strikes out swinging
Batting: LHB Nate Wagner 0-0: Called Strike
0-1: Fly out, F8 (Flyball, 8RD, EV 108.8 MPH)
Batting: RHB Victor Rojas 0-0: Ball
1-0: Fly out, F9 (Flyball, 9LM, EV 100.0 MPH)
Bottom of the 5th over - 0 runs, 0 hits, 0 errors, 0 left on base; Los Angeles 5 - Baltimore 1
TOP OF THE 6TH
Los Angeles Dodgers batting - Pitching for Baltimore Orioles : LHP Jonathan Wells
Batting: RHB Luis Lozada 0-0: Ball
1-0: Fly out, F8 (Flyball, 8LD, EV 103.8 MPH)
Batting: RHB Bryan Uplinger 0-0: Ball
1-0: Ball
2-0: Ground out 3-1 (Groundball, 34, EV 81.9 MPH)
Batting: RHB Ron Ascencio 0-0: Ground out 1-3 (Groundball, 34S, EV 71.9 MPH)
Top of the 6th over - 0 runs, 0 hits, 0 errors, 0 left on base; Los Angeles 5 - Baltimore 1
BOTTOM OF THE 6TH
Baltimore Orioles batting - Pitching for Los Angeles Dodgers : RHP Eric Beattie
Batting: RHB Ed Pollock 0-0: Called Strike
0-1: Called Strike
0-2: Strikes out swinging
Batting: LHB Dave Schwabe 0-0: Ball
1-0: Ball
2-0: Swinging Strike
2-1: Ground out 4-3 (Groundball, 4, EV 89.4 MPH)
Batting: LHB Jeremy Marshall 0-0: Called Strike
0-1: Foul Ball, location: 5F
0-2: Ball
1-2: Foul Ball, location: 25F
1-2: Ball
2-2: Ball
3-2: Ground out 4-3 (Groundball, 4, EV 86.9 MPH)
Bottom of the 6th over - 0 runs, 0 hits, 0 errors, 0 left on base; Los Angeles 5 - Baltimore 1
TOP OF THE 7TH
Los Angeles Dodgers batting - Pitching for Baltimore Orioles : LHP Jonathan Wells
Batting: LHB Joel Holden 0-0: Ground out 3-1 (Groundball, 34S, EV 85.0 MPH)
Batting: RHB Dan Boyd 0-0: DOUBLE (Line Drive, 78M, EV 105.6 MPH)
Batting: LHB Eddy Miramontes 0-0: Ball
1-0: Called Strike
1-1: Foul Ball, location: 5F
1-2: Foul Ball, location: 5FF
1-2: Ball
2-2: Ball
3-2: Fly out, F8 (Flyball, 8LD, EV 86.9 MPH)
Runner from 2nd tags up, SAFE at 3rd with throw by CF
Batting: LHB Jose Camacho 0-0: Called Strike
0-1: Foul Ball, location: 2F
0-2: Ball
1-2: Strikes out swinging
Top of the 7th over - 0 runs, 1 hit, 0 errors, 1 left on base; Los Angeles 5 - Baltimore 1
BOTTOM OF THE 7TH
Baltimore Orioles batting - Pitching for Los Angeles Dodgers : RHP Eric Beattie
Batting: LHB Jerry Peterson 0-0: Swinging Strike
0-1: Called Strike
0-2: Ball
1-2: Strikes out swinging
Batting: RHB Eduardo Lopez 0-0: Ball
1-0: Called Strike
1-1: Ball
2-1: Ball
3-1: Base on Balls
Pitching: RHP Kyle McLelland
Batting: RHB Jonathan Skye 0-0: Fielders Choice at 2nd, 5-4 (Groundball, 56, EV 86.9 MPH)
Batting: RHB Travis Darling 0-0: Called Strike
0-1: Ball
1-1: Ball
2-1: Fly out, F3 (Popup, 3F, EV 56.3 MPH)
Bottom of the 7th over - 0 runs, 0 hits, 0 errors, 1 left on base; Los Angeles 5 - Baltimore 1
TOP OF THE 8TH
Los Angeles Dodgers batting - Pitching for Baltimore Orioles : LHP Jonathan Wells
Pitching: RHP Mark Crawford
Batting: LHB Greg Thompson 0-0: Ball
1-0: Ground out 4-3 (Groundball, 4, EV 84.4 MPH)
Batting: SHB Jason Avsar 0-0: Ball
1-0: Swinging Strike
1-1: Ball
2-1: Called Strike
2-2: Strikes out swinging
Batting: RHB Luis Lozada 0-0: SINGLE (Line Drive, 7LS, EV 111.3 MPH)
Batting: RHB Bryan Uplinger 0-0: Foul Ball, location: 2F
0-1: Foul Ball, location: 3F
0-2: Ball
1-2: Foul Ball, location: 2F
1-2: Ball
2-2: Foul Ball, location: 9LMF
2-2: Fielders Choice at 2nd, 6-4 (Groundball, 6, EV 95.0 MPH)
Top of the 8th over - 0 runs, 1 hit, 0 errors, 1 left on base; Los Angeles 5 - Baltimore 1
BOTTOM OF THE 8TH
Baltimore Orioles batting - Pitching for Los Angeles Dodgers : RHP Kyle McLelland
Now in CF: Freddie Mitchell
Now in RF: John Spohn
Batting: LHB Nate Wagner 0-0: Swinging Strike
0-1: Foul Ball, location: 25F
0-2: Ball
1-2: SINGLE (Flyball, 6MD, EV 100.6 MPH)
Pinch Hitting: LHB Kenny West 0-0: Ball
1-0: Ball
2-0: Fly out, F8 (Flyball, 8LXD, EV 111.3 MPH)
Batting: RHB Ed Pollock 0-0: Called Strike
0-1: Foul Ball, location: 9LMF
0-2: TRIPLE (Flyball, 89XD, EV 89.4 MPH)
Nate Wagner scores
Pitching: LHP Erik Baggett
Batting: LHB Dave Schwabe 0-0: Called Strike
0-1: Foul Ball, location: 7LMF
0-2: Foul Ball, location: 25F
0-2: Strikes out swinging
Batting: LHB Jeremy Marshall 0-0: Foul Ball, location: 2F
0-1: Called Strike
0-2: Foul Ball, location: 7LSF
0-2: Ball
1-2: Ball
2-2: TRIPLE (Line Drive, 89XD, EV 110.0 MPH)
Ed Pollock scores
Batting: LHB Jerry Peterson 0-0: Ball
1-0: Called Strike
1-1: Ball
2-1: Ball
3-1: Swinging Strike
3-2: Fly out, F7 (Flyball, 7, EV 81.9 MPH)
Bottom of the 8th over - 2 runs, 3 hits, 0 errors, 1 left on base; Los Angeles 5 - Baltimore 3
TOP OF THE 9TH
Los Angeles Dodgers batting - Pitching for Baltimore Orioles : RHP Mark Crawford
Pitching: RHP Roger Diaz
Now in LF: Rafael Garza
Batting: RHB Ron Ascencio 0-0: Ball
1-0: Called Strike
1-1: Ball
2-1: Foul Ball, location: 7LSFF
2-2: Strikes out swinging
Batting: LHB Joel Holden 0-0: Called Strike
0-1: Fly out, F9 (Flyball, 9, EV 81.3 MPH)
Batting: RHB Dan Boyd 0-0: Called Strike
0-1: Ball
1-1: Called Strike
1-2: TRIPLE (Line Drive, 7LD, EV 106.9 MPH)
Batting: LHB Eddy Miramontes 0-0: Foul Ball, location: 2F
0-1: Ball
1-1: Called Strike
1-2: Strikes out swinging
Top of the 9th over - 0 runs, 1 hit, 0 errors, 1 left on base; Los Angeles 5 - Baltimore 3
BOTTOM OF THE 9TH
Baltimore Orioles batting - Pitching for Los Angeles Dodgers : LHP Erik Baggett
Batting: RHB Eduardo Lopez 0-0: Called Strike
0-1: Ball
1-1: Ground out 1-3 (Groundball, P, EV 72.5 MPH)
Batting: RHB Jonathan Skye 0-0: Called Strike
0-1: Swinging Strike
0-2: Ball
1-2: Strikes out swinging
Pitching: RHP Reynaldo Coronado
Batting: RHB Travis Darling 0-0: Called Strike
0-1: Ball
1-1: Swinging Strike
1-2: Fly out, F8 (Flyball, 78M, EV 100.0 MPH)
Bottom of the 9th over - 0 runs, 0 hits, 0 errors, 0 left on base; Los Angeles 5 - Baltimore 3
Thursday, April 11th , 2024 - OOTP Baseball 24.11 Build 85